 Dungeon Crawl Stone Soup version 0.19.4 (console) character file.

50 Kloppie the Skirmisher (level 3, 0/36 HPs)
             Began as a Minotaur Fighter on Feb 2, 2017.
             Slain by a gnoll
             ... wielding a +1 spear of flaming
              (4 damage)
             ... on level 2 of the Dungeon.
             The game lasted 00:01:17 (908 turns).

Kloppie the Skirmisher (Minotaur Fighter)            Turns: 908, Time: 00:01:17

Health: 0/36       AC: 10    Str: 26    XL:     3   Next: 55%
Magic:  2/2        EV:  6    Int:  5    God:
Gold:   28         SH:  9    Dex:  9    Spells: 0 memorised, 2 levels left

rFire  + . .     SeeInvis .     a - +0 war axe
rCold  + . .     Gourm    .     u - +0 chain mail
rNeg   . . .     Faith    .     c - +0 shield
rPois  +         Spirit   .     (helmet restricted)
rElec  +         Reflect  .     (no cloak)
rCorr  +         Harm     .     (no gloves)
MR     .....                    k - +0 pair of boots
Stlth  ..........               (no amulet)
                                (no ring)
                                (no ring)

@: mighty, resistant
A: retaliatory headbutt, horns 2
a: no special abilities


You were on level 2 of the Dungeon.
You were not hungry.

You visited 1 branch of the dungeon, and saw 2 of its levels.

You collected 28 gold pieces.

Inventory:

Hand Weapons
 a - a +0 war axe (weapon)
Armour
 c - a +0 shield (worn)
 k - a +0 pair of boots (worn)
 u - a +0 chain mail (worn)
Scrolls
 l - a scroll of teleportation {unknown}
 n - a scroll of identify {unknown}
 o - 2 scrolls of remove curse {unknown}
 p - a scroll of enchant weapon {unknown}
 r - a scroll of magic mapping {unknown}
 s - a scroll of immolation {unknown}
 t - a scroll of amnesia {unknown}
Potions
 g - a potion of curing
 i - a potion of haste {unknown}
 j - a potion of heal wounds {unknown}
Comestibles
 b - a royal jelly
 f - 3 bread rations
 h - a meat ration
 m - 3 chunks of flesh
 q - a beef jerky


   Skills:
 * Level 5.1 Fighting
 + Level 3.1 Axes
 - Level 3.6 Armour
 - Level 3.6 Shields


You had 2 spell levels left.
You didn't know any spells.

Dungeon Overview and Level Annotations

Branches:
Dungeon (2/15)

Altars:

Annotations:
D:2 Terence


Innate Abilities, Weirdness & Mutations

You reflexively headbutt those who attack you in melee.
You have a pair of horns on your head.


Message History

Your Axes skill increases to level 3!
The gnoll hits you but does no damage.
The gnoll hits you from afar with a spear of flaming.
* * * LOW HITPOINT WARNING * * *
The gnoll hits you with a spear of flaming.
* * * LOW HITPOINT WARNING * * *
Things that are here:
a halberd of venom; a gnoll corpse You hit the gnoll.
The gnoll is lightly wounded.
The gnoll closely misses you. You furiously retaliate!
You headbutt the gnoll. You closely miss the gnoll.
Your headbutt misses the gnoll.
The gnoll is moderately wounded.
The gnoll hits you but does no damage.
The gnoll hits you with a spear of flaming.
* * * LOW HITPOINT WARNING * * *
You barely miss the gnoll.
The gnoll is moderately wounded.
The gnoll hits you with a spear of flaming.
You die...

..........'..................#
..#.##....##.................#
#.#.##....######'#...........#
#.#.####### #.#.[.........#
#...# #.#...........# ##..#
#.#...........# #..#
#.#...........# #.>#
#.#...........#
#@#.########### #g#.....#####
#S#.........# #@#.###.###.#
#.#.....# #.# #.####### #.#
#.# #####.#
....g.......#.....###
..@....####.#.#####<#


You could see Terence, a gnoll and an adder.

Vanquished Creatures
  2 gnolls (D:2)
  A worm (D:2)
  4 leopard geckos
  3 bats
  A giant cockroach (D:2)
  2 goblins
  4 hobgoblins
  3 kobolds (D:1)
  5 rats
25 creatures vanquished.

Notes
Turn   | Place    | Note
-------+----------+-------------------------------------------
     0 | D:1      | Kloppie the Minotaur Fighter began the quest for the Orb.
     0 | D:1      | Reached XP level 1. HP: 19/19 MP: 0/0
   180 | D:1      | Reached skill level 4 in Fighting
   217 | D:1      | Reached XP level 2. HP: 27/27 MP: 1/1
   882 | D:2      | Noticed Terence
   889 | D:2      | Reached XP level 3. HP: 35/35 MP: 2/2
   895 | D:2      | Reached skill level 5 in Fighting
   908 | D:2      | Slain by a gnoll

Skill      XL: |  1  2  3 |
---------------+----------+-----
Fighting       | 4 5 |  5.1
Axes           | 3 |  3.1
Armour         | |  3.6
Shields        | |  3.6

Action                   || total
-------------------------++-------
Melee: War axe           ||    58
       Headbutt          ||     9
  Use: Potion            ||     3
Armor: Scale mail        ||    13
       Chain mail        ||    17
Dodge: Dodged            ||    28
Block: Shield            ||    31
